 Dungeon Crawl Stone Soup version 0.23-a0-435-g79ed067 (webtiles) character file.

197 Garbasso the Skirmisher (level 5, -4/54 HPs)
             Began as an Ogre Skald on Nov 15, 2018.
             Killed from afar by Sigmund (10 damage)
             ... with a puff of flame
             ... on level 3 of the Dungeon.
             The game lasted 00:13:15 (5257 turns).

Garbasso the Skirmisher (Ogre Skald)                Turns: 5257, Time: 00:13:16

Health: -4/54      AC:  3    Str: 15    XL:     5   Next: 75%
Magic:  3/9        EV: 10    Int: 15    God:
Gold:   167        SH:  0    Dex:  8    Spells: 1/10 levels left

rFire    . . .     SeeInvis .   a - +0 spear
rCold    . . .     Gourm    .   (no shield)
rNeg     . . .     Faith    .   b - +0 robe
rPois    .         Spirit   .   (helmet restricted)
rElec    .         Reflect  .   (no cloak)
rCorr    .         Harm     .   (gloves unavailable)
MR       .....                  (boots unavailable)
Stlth    ++........             (no amulet)
HPRegen  0.18/turn              l - ring of stealth
MPRegen  0.11/turn              (no ring)

@: no status effects
A: large, unfitting armour, tough skin 1
a: no special abilities


You were on level 3 of the Dungeon.
You were not hungry.

You visited 1 branch of the dungeon, and saw 3 of its levels.

You collected 167 gold pieces.

Inventory:

Hand Weapons
 a - a +0 spear (weapon)
Missiles
 g - 133 stones (quivered)
 n - 2 silver javelins
Armour
 b - a +0 robe (worn)
Jewellery
 l - a ring of stealth (left hand)
Wands
 m - a wand of flame (20)
Scrolls
 c - 2 scrolls of enchant armour {unknown}
 e - 2 scrolls of remove curse {unknown}
 h - a scroll of amnesia {unknown}
 k - 5 scrolls of identify {unknown}
 o - a scroll of teleportation {unknown}
 p - a scroll of noise {unknown}
Potions
 f - 2 potions of flight
 j - a potion of curing {unknown}
Comestibles
 d - 2 rations
 i - a chunk of flesh


   Skills:
 + Level 4.3 Fighting
 * Level 4.1 Polearms
 - Level 2.1 Dodging
 - Level 3.0 Spellcasting
 + Level 3.5 Charms


You had one spell level left.
You knew the following spells:

 Your Spells              Type           Power        Failure   Level  Hunger
a - Infusion              Chrm           ##..         4%          1    #......
b - Shroud of Golubria    Chrm/Tloc      #.........   14%         2    ##.....
c - Regeneration          Chrm/Necr      #.........   28%         3    ###....
d - Spectral Weapon       Hex/Chrm       #.......     28%         3    ###....

Your spell library contained the following spells:

 Spells                   Type           Power        Failure   Level  Hunger
 Song of Slaying          Chrm           ##......     7%          2    ##.....


Dungeon Overview and Level Annotations

Branches:
Dungeon (3/15)

Altars:
Fedhas
Nemelex Xobeh

Annotations:
D:3 Grinder, Sigmund


Innate Abilities, Weirdness & Mutations

You are too large for most types of armour.
You have tough skin. (AC +1)


Message History

Press: ? - help, Shift-Dir - straight line, f/p - Sigmund
Aim: Sigmund, wielding a +0 scythe of protection and wearing a +0 robe The puff of flame hits Sigmund.
Sigmund is severely wounded.
Sigmund gestures at you while chanting. The magic dart hits you!
* * * LOW HITPOINT WARNING * * *
Evoke which item? (* to show all) (? for menu, Esc to quit)
Aiming: Throw Flame
Press: ? - help, Shift-Dir - straight line, f/p - Sigmund
Aim: Sigmund, wielding a +0 scythe of protection and wearing a +0 robe The puff of flame hits Sigmund.
Sigmund is severely wounded.
Sigmund hits you with a +0 scythe of protection.
* * * LOW HITPOINT WARNING * * *
You swap places.
Your spectral weapon fades away.
Sigmund points at you and mumbles some strange words.
The puff of flame hits you!
You die...

#.# #....#..#.# #####.......
####.###.####..#.#
#...........
#......#.####..#.#
#......#'###
#..)...#.#.....#.# #......#.#
#......#.#.##.##.#
######.#.###
#......#.#.#...#.# #.#.#.#
#......#.#.#.@...# #.#.#.#
#......#.#.#.#.### #.#...#
###...##.#.#.#@# #.###.#
##.....#.#.#.##########...#.#
#######.#.#<...............#
#.#.##.###########.###
#.#....# #...#
#.############# ###.#
#.............# #.#
#############.# #.# #.# #.#


You could see Sigmund.

Vanquished Creatures
  An orc priest (D:3)
  A worker ant zombie (D:3)
  6 adders
  A river rat (D:3)
  4 dart slugs
  3 leopard geckos (D:1)
  7 orcs
  5 ball pythons
  2 giant cockroaches (D:3)
  8 goblins
  5 hobgoblins
  6 jackals
  4 kobolds
  A quokka (D:2)
  7 bats
  8 frilled lizards
  9 rats
78 creatures vanquished.

Vanquished Creatures (others)
  3 fungi (D:3)
  2 plants (D:3)
5 creatures vanquished.

Grand Total: 83 creatures vanquished

Notes
Turn   | Place    | Note
-------+----------+-------------------------------------------
     0 | D:1      | Garbasso the Ogre Skald began the quest for the Orb.
     0 | D:1      | Reached XP level 1. HP: 22/22 MP: 3/3
   330 | D:1      | Reached XP level 2. HP: 29/29 MP: 1/5
   539 | D:1      | Learned a level 2 spell: Shroud of Golubria
   748 | D:1      | Reached XP level 3. HP: 37/37 MP: 7/7
   857 | D:1      | Learned a level 3 spell: Regeneration
  1843 | D:2      | Reached XP level 4. HP: 45/45 MP: 4/8
  1848 | D:2      | Learned a level 3 spell: Spectral Weapon
  2365 | D:3      | Found a faded altar of an unknown god.
  2873 | D:3      | Noticed Grinder
  2882 | D:3      | Paralysed by Grinder for 5 turns
  3283 | D:3      | HP: 1/46 [orc priest/divine providence (13)]
  3870 | D:3      | Noticed Sigmund
  3906 | D:3      | Found a blossoming altar of Fedhas.
  4020 | D:3      | Reached XP level 5. HP: 54/54 MP: 0/9
  4926 | D:3      | Found a sparkling altar of Nemelex Xobeh.
  5257 | D:3      | Killed from afar by Sigmund

Vault maps used:
D:1:      minmay_arrival_nine_rooms
D:2:      kennysheep_generic_room_2
D:3:      nemelex_altar_shiori, portal_sewer_entry_a,
          chequers_ecumenical_altar_twisty, fedhas_altar_3, uniq_grinder,
          uniq_sigmund

Skill      XL: |  1  2  3  4  5 |
---------------+----------------+-----
Fighting       | 3 4 |  4.3
Charms         | 3 |  3.5
Spellcasting   | 3 |  3.0
Polearms       | 3 4 |  4.1
Dodging        | |  2.1

Action                   |  1- 3 |  4- 6 || total
-------------------------+-------+-------++-------
Melee: Spear             |   128 |   294 ||   422
Throw: Stone             |       |    21 ||    21
 Cast: Infusion          |    11 |     9 ||    20
       Shroud of Golubri |     3 |     5 ||     8
       Regeneration      |       |     6 ||     6
       Spectral Weapon   |       |     2 ||     2
Evoke: Wand              |       |     3 ||     3
  Use: Potion            |       |     3 ||     3
 Stab: Sleeping          |     1 |     4 ||     5
  Eat: Chunk             |     3 |    10 ||    13
       Ration            |       |     1 ||     1
Armor: Robe              |    26 |    19 ||    45
Dodge: Dodged            |    47 |    59 ||   106

Table legend:
 A = Non-vault XP
 B = Vault XP
 C = Vault XP percentage of total XP
 D = Non-vault monster count
 E = Vault monster count
 F = Vault count percentage of total count
                 A         B        C        D         E       F
            +---------+---------+-------+---------+---------+-------
      Total |     260 |      22 |   7.8 |      69 |       9 |  11.5
            +---------+---------+-------+---------+---------+-------
        D:1 |      44 |       0 |   0.0 |      23 |       0 |   0.0
        D:2 |      42 |       4 |   8.7 |      15 |       4 |  21.1
        D:3 |     174 |      18 |   9.4 |      31 |       5 |  13.9
            +---------+---------+-------+---------+---------+-------
